 Dungeon Crawl Stone Soup version 0.31-a0-221-gbddc013574 (webtiles) character file.

Game seed: 7513207462901356347

2 qw the Vexing (level 1, -4/12 HPs)
             Began as a Gargoyle Hexslinger on July 3, 2023.
             Slain by a worm (7 damage)
             ... on level 1 of the Dungeon.
             The game lasted 00:00:02 (67 turns).

qw the Vexing (Gargoyle Hexslinger)                   Turns: 67, Time: 00:00:03

Health: -4/12      AC:  4    Str: 11    XL:     1   Next: 30%
Magic:  2/2        EV: 12    Int: 13    God:
Gold:   6          SH:  0    Dex: 12    Spells: 1/2 levels left

rFire   . . .        a - +1 sling
rCold   . . .        (no shield)
rNeg    + . .        c - +0 robe
rPois   inf          (no helmet)
rElec   +            (no cloak)
rCorr   .            (no gloves)
SInv    .            (no boots)
Will    .....        (no amulet)
Stlth   +            (no ring)
HPRegen 0.22/turn    (no ring)
MPRegen 0.08/turn

%: no passive effects
@: no status effects
A: sickness immunity, AC +2, negative energy resistance 1, electricity
resistance, torment resistance 1, petrification resistance
a: no special abilities


You were on level 1 of the Dungeon.
You visited 1 branch of the dungeon, and saw 1 of its levels.

You collected 6 gold pieces.


Innate Abilities, Weirdness & Mutations

You are immune to sickness and miasma.
Your stone body is resilient. (AC +2)
You are immune to poison.
You resist negative energy. (rN+)
You are resistant to electric shocks. (rElec)
You are resistant to unholy torment.
You are immune to petrification.


   Skills:
 - Level 1.1 Fighting
 + Level 2.2 Ranged Weapons
 - Level 1.5 Dodging
 - Level 1.0 Spellcasting
 - Level 2.6 Hexes


You had one spell level left.
You knew the following spells:

 Your Spells              Type           Power      Damage    Failure   Level
a - Slow                  Hex            28%        N/A       10%         1

Your spell library contained the following spells:

 Spells                   Type           Power      Damage    Failure   Level
 Inner Flame              Hex/Fire       4%         N/A       43%         3
 Portal Projectile        Hex/Tloc       8%         N/A       43%         3
 Cause Fear               Hex            3%         N/A       67%         4

Inventory:

Hand Weapons
 a - a +1 sling (weapon)
Armour
 c - a +0 robe (worn)
 d - a +0 ring mail
Scrolls
 b - a scroll of poison

Dungeon Overview and Level Annotations

Branches:
Dungeon (1/15)

Altars:


Message History

A worm comes into view.
You shoot a sling bullet. The sling bullet hits the worm.
The worm is lightly wounded.
You shoot a sling bullet. The sling bullet hits the worm.
The worm is moderately wounded.
A worm comes into view.
You shoot a sling bullet.
The sling bullet barely misses the worm.
You shoot a sling bullet. The sling bullet hits the worm.
The worm is moderately wounded.
You shoot a sling bullet.
The sling bullet barely misses the worm.
You shoot a sling bullet. The sling bullet hits the worm.
The worm is heavily wounded.
You shoot a sling bullet. The sling bullet hits the worm.
The worm is heavily wounded.
You shoot a sling bullet.
The sling bullet barely misses the worm.
You shoot a sling bullet. The sling bullet hits the worm.
The worm is severely wounded.
You shoot a sling bullet.
The sling bullet barely misses the worm.
The worm barely misses you.
You shoot a sling bullet.
The sling bullet barely misses the worm.
The worm barely misses you. x2
You shoot a sling bullet. The sling bullet hits the worm.
The worm is heavily wounded.
The worm misses you. The worm bites you.
You shoot a sling bullet. The sling bullet hits the worm.
The worm is severely wounded.
The worm bites you.
You shoot a sling bullet. The sling bullet hits the worm.
The worm is severely wounded.
The worm bites you.
You shoot a sling bullet.
The sling bullet barely misses the worm.
The worm bites you!
Ouch! That really hurt!
You die...

#.. ......# ##..#
#.....# ...!^# #...!.#
......##.....#
....>..#.....#
.............#
...%.....w....).###
#........w@.......#
#^.^.....^#.......#
#......^##.......#### #.
#.....# #..........#
#.####..#########'####.#
#.........'.# #.#
#.........#.# #.#
#.........#.#####.#
#.........#.......#


You could see 2 worms.

Vanquished Creatures
  A goblin (D:1)
  A rat (D:1)
2 creatures vanquished.

Notes
Turn   | Place    | Note
-------+----------+-------------------------------------------
     0 | D:1      | qw the Gargoyle Hexslinger began the quest for the Orb.
     0 | D:1      | Reached XP level 1. HP: 12/12 MP: 2/2
     0 | D:1      | 0 ||| qw: Version: 0.3-a-40-ge99b1a8
     0 | D:1      | 0 ||| qw: Game counter: 561
     0 | D:1      | 0 ||| qw: Melee chars always use a shield: true
     0 | D:1      | 0 ||| qw: God list: Okawaru
     0 | D:1      | 0 ||| qw: Allow faded altars: false
     0 | D:1      | 0 ||| qw: Do Orc after clearing Dungeon:15 true
     0 | D:1      | 0 ||| qw: Do second Lair branch before Depths: true
     0 | D:1      | 0 ||| qw: Lair rune preference: random
     0 | D:1      | 0 ||| qw: Goals: Normal
     0 | D:1      | 0 ||| PLANNING D:1-11
    66 | D:1      | HP: 2/12 [worm (3)]
    67 | D:1      | Slain by a worm

Levels and vault maps discovered:
D:1:      nicolae_arrival_memento_mori, layout_basic,
          nicolae_ecumenical_snake_handling, minmay_misc_feat_hallway,
          nicolae_wormholes

Action                     || total
---------------------------++-------
   Fire: Sling             ||    19
  Dodge: Dodged            ||     4

Table legend:
 A = Non-vault XP
 B = Vault XP
 C = Vault XP percentage of total XP
 D = Non-vault monster count
 E = Vault monster count
 F = Vault count percentage of total count
                 A         B        C        D         E       F
            +---------+---------+-------+---------+---------+-------
      Total |       3 |       0 |   0.0 |       2 |       0 |   0.0
            +---------+---------+-------+---------+---------+-------
        D:1 |       3 |       0 |   0.0 |       2 |       0 |   0.0
            +---------+---------+-------+---------+---------+-------
